 Dungeon Crawl Stone Soup version 0.28.0 (webtiles) character file.

Game seed: 6216929801038050301

6 Armakuni the Sneak (level 1, -1/11 HPs)
             Began as a Vine Stalker Delver on Feb 16, 2022.
             Slain by a jackal (2 damage)
             ... on level 5 of the Dungeon.
             The game lasted 00:04:18 (1149 turns).

Armakuni the Sneak (Vine Stalker Delver)            Turns: 1149, Time: 00:04:18

Health: -1/11      AC:  3    Str: 14    XL:     1   Next: 90%
Magic:  0/2        EV: 11    Int: 10    God:
Gold:   99         SH:  0    Dex: 15    Spells: 0/0 levels left

rFire   . . .      SeeInvis .   a - +0 falchion
rCold   . . .      Faith    .   (no shield)
rNeg    + . .      Spirit   +   b - +0 leather armour
rPois   .          Reflect  .   (no helmet)
rElec   .          Harm     .   (no cloak)
rCorr   .          Rampage  .   (no gloves)
Will    .....                   (no boots)
Stlth   +++.......              (no amulet)
HPRegen 0.03/turn               N - ring of positive energy
MPRegen 0.08/turn               (no ring)

@: no status effects
A: fangs 2, magic shield, antimagic bite, no potion heal 2
a: no special abilities


You were on level 5 of the Dungeon.
You visited 1 branch of the dungeon, and saw 3 of its levels.

You collected 99 gold pieces.

Inventory:

Hand Weapons
 a - a +0 falchion (weapon)
Armour
 b - a +0 leather armour (worn)
Jewellery
 N - a ring of positive energy (left hand)
Wands
 g - a wand of digging (3)
Scrolls
 c - 2 scrolls of fog
 d - a scroll of magic mapping
 h - a scroll of acquirement {unknown}


   Skills:
 + Level 2.9 Fighting
 + Level 2.1 Long Blades
 - Level 1.5 Dodging
 - Level 6.0 Stealth


You couldn't memorise any spells.
You didn't know any spells.
Your spell library contained the following spells:

 Spells                   Type           Power      Damage    Failure   Level
 Magic Dart               Conj           0%         1d3       43%         1
 Call Imp                 Summ           0%         N/A       58%         2
 Mephitic Cloud           Conj/Pois/Air  0%         N/A       82%         3


Dungeon Overview and Level Annotations

Branches:
Dungeon (7/15)
 Temple: D:4-7

Altars:
Uskayaw


Innate Abilities, Weirdness & Mutations

You have extremely sharp teeth.
When hurt, damage is shared between your health and your magic reserves.
Your bite disrupts and absorbs the magic of your enemies.
Potions cannot restore your health.


Message History

The jackal barely misses you. The jackal bites you.
You hit the jackal.
You kill the jackal!
Your Long Blades skill increases to level 2!
You hit the jackal. Your bite misses the jackal.
The jackal is moderately wounded.
The jackal barely misses you.
A scorpion comes into view.
The jackal barely misses you.
You barely miss the jackal.
The jackal is moderately wounded.
The jackal barely misses you. x2
The jackal bites you but does no damage.
The jackal bites you. The jackal barely misses you. The jackal bites you.
You hit the jackal.
The jackal is heavily wounded.
The jackal bites you. The jackal barely misses you.
You hit the jackal.
The jackal is severely wounded.
The jackal barely misses you. The jackal closely misses you.
You hit the jackal.
You kill the jackal!
You hit the jackal. Your bite misses the jackal.
The jackal is moderately wounded.
The jackal closely misses you. The jackal bites you.
You barely miss the jackal.
The jackal is moderately wounded.
The jackal completely misses you. The jackal bites you.
You hit the jackal but do no damage.
The jackal is moderately wounded.
The jackal bites you.
* * * LOW HITPOINT WARNING * * *
The jackal bites you.
* * * LOW HITPOINT WARNING * * *
You hit the jackal. You bite the jackal, but do no damage.
The jackal is severely wounded.
The jackal bites you.
You die...

§≈≈≈.≈≈≈≈§§§.#
#.#
§..s.........#
#.#
##...(.###.##
#.#
............#
#.#
##.########.##
#)# #..# #.#
##.###.#
#..##.# #
##.##@# .#
#h.#h#
###.#####
##.#.#
#....hr.#
#...# #.#
##..# #.# #..#
#.# #.># #.#
##.# #.# #.#
#.#


You could see a jackal.

Vanquished Creatures
  An adder skeleton (D:5)
  2 jackals (D:5)
3 creatures vanquished.

Notes
Turn   | Place    | Note
-------+----------+-------------------------------------------
     0 | D:5      | Armakuni the Vine Stalker Delver began the quest for the
                  | Orb.
     0 | D:5      | Reached XP level 1. HP: 11/11 MP: 2/2
    34 | D:5      | Noticed an acid dragon
   166 | D:6      | Noticed a water moccasin
   206 | D:5      | Noticed a hound
   244 | D:5      | Found a hide-covered altar of Uskayaw.
  1129 | D:5      | Noticed a scorpion
  1149 | D:5      | Slain by a jackal

Illustrated notes

Levels and vault maps discovered:
D:5:      gammafunk_steamed_eel, layout_basic,
          mainiacjoe_overflow_catwalk_spiral
D:6:      layout_loops_ring
D:7:      layout_cave_pools, mainiacjoe_overflow_paths,
          nemelex_xobeh_ov_fountains_minmay,
          mainiacjoe_overflow_large_starburst, serial_shops,
          nicolae_shop_temple_entry_statues_fountains,
          gammafunk_ghost_wrathful_warriors, hellmonk_bongcloud_opening,
          hangedman_decor_points

Skill      XL: |  1 |
---------------+----+-----
Long Blades    | 2 |  2.1
Fighting       | |  2.9
Dodging        | |  1.5
Stealth        | |  6.0

Action                   || total
-------------------------++-------
Melee: Falchion          ||    19
       Bite              ||     3
  Use: Potion            ||     2
       Scroll            ||     1
Armor: Leather armour    ||     4
Dodge: Dodged            ||    17
